 Dungeon Crawl Stone Soup version 0.19-a0-1834-g6b7851e (webtiles) character file.

1410 poirepourri the Insei (level 8, -1/67 HPs)
             Began as a Yellow Draconian Transmuter on Oct 8, 2016.
             Was a Follower of Ashenzari.
             Slain by an ogre
             ... wielding a +0 giant spiked club
              (25 damage)
             ... on level 7 of the Dungeon.
             The game lasted 00:16:07 (8944 turns).

poirepourri the Insei (Yellow Draconian Transmuter) Turns: 8944, Time: 00:16:08

Health: -1/67      AC:  9    Str: 11      XL:     8   Next: 42%
Magic:  0/15       EV: 13    Int: 14      God:    Ashenzari [*.....]
Gold:   315        SH:  0    Dex: 11 (13) Spells: 5 memorised, 2 levels left

rFire  . . .     SeeInvis .       - Unarmed
rCold  . . .     Gourm    .     (armour unavailable)
rNeg   . . .     Faith    .     (no shield)
rPois  .         Spirit   +     (helmet restricted)
rElec  .         Dismiss  .     (no cloak)
rCorr  +         Reflect  .     f - +2 pair of gloves (curse)
MR     +....     Harm     .     (no boots)
Stlth  +.........               n - amulet of guardian spirit
                                (no ring)
                                i - ring of protection from magic

@: appendage (expiring), very slightly contaminated
A: spit acid, acid resistance, unfitting armour, horns 2, blurry vision 1,
deterioration 1, robust 1, weak 1, cold-blooded, AC +6
a: Spit Acid, End Transformation, Curse Item, Scrying, Renounce Religion


You were on level 7 of the Dungeon.
You worshipped Ashenzari.
Ashenzari was aware of your devotion.
You were not hungry.
You had grown temporary horns.
You visited 2 branches of the dungeon, and saw 8 of its levels.

You collected 315 gold pieces.

Inventory:

Missiles
 a - 39 arrows
 q - 2 javelins of penetration (quivered)
Armour
 f - a cursed +2 pair of gloves (worn)
Jewellery
 i - a ring of protection from magic (left hand)
 k - an uncursed amulet of harm
 n - an amulet of guardian spirit (around neck)
Wands
 j - a wand of iceblast (12/15)
Potions
 d - a potion of agility
 e - a potion of cancellation
Books
 b - a book of Changes

   Spells                             Type                      Level
   a - Beastly Appendage              Transmutation                1
   b - Sticks to Snakes               Transmutation                2
   c - Spider Form                    Transmutation/Poison         3
   d - Ice Form                       Ice/Transmutation            4
   e - Blade Hands                    Transmutation                5
 m - a book of Misfortune

   Spells                             Type                      Level
   a - Confusing Touch                Hexes                        1
   b - Confuse                        Hexes                        3
   c - Gell's Gravitas                Hexes/Translocation          3
   d - Petrify                        Transmutation/Earth          4
   e - Metabolic Englaciation         Hexes/Ice                    5
   f - Yara's Violent Unravelling     Hexes/Transmutation          5
Comestibles
 c - 4 bread rations
 g - a meat ration
 o - 2 fruits


   Skills:
 + Level 2.2 Fighting
 + Level 3.9 Dodging
 + Level 7.0 Unarmed Combat
 + Level 5.2 Spellcasting
 + Level 4.8 Transmutations


You had 2 spell levels left.
You knew the following spells:

 Your Spells              Type           Power        Failure   Level  Hunger
a - Beastly Appendage     Tmut           ###...       2%          1    None
b - Sticks to Snakes      Tmut           ###.....     3%          2    ##.....
c - Spider Form           Tmut/Pois      ##........   21%         3    ###....
d - Ice Form              Ice/Tmut       ##......     71%         4    ####...
e - Blade Hands           Tmut           ###.......   71%         5    ######.


Dungeon Overview and Level Annotations

Branches:
Dungeon (7/15)             Temple (1/1) D:6

Altars:
Ashenzari
Cheibriados
Dithmenos
Elyvilon
Fedhas
Gozag
Hepliaklqana
Makhleb
Nemelex Xobeh
Okawaru
Ru
Sif Muna
Trog
Uskayaw
Vehumet
Xom
Zin
The Shining One

Annotations:
D:3 1 runed door, Grinder


Innate Abilities, Weirdness & Mutations

You can spit globs of acid.
You are resistant to acid.
Your golden yellow scales are hard. (AC +6)
You cannot fit into any form of body armour.
You are cold-blooded and may be slowed by cold attacks.
You have a pair of horns on your head.
Scrolls take you a little longer to read.
Your body sometimes deteriorates upon taking damage.
You are robust. (+10% HP)
You are weak. (Str -2)


Message History

The ogre is heavily wounded.
The ogre hits you but does no damage.
You swap places.
Your adder closely misses the ogre.
The crimson imp shouts, "Get thee gone, thou cockered motley-minded mule!"
Your adder bites the ogre.
The ogre closely misses your adder.
The crimson imp hits you but does no damage.
Your adder bites the ogre.
Found a metal-bound book.
Your transformation is almost over.
Your adder barely misses the ogre.
The ogre hits your adder with a giant spiked club!!
Your adder dies!
Your ball python bites the ogre.
The ogre closely misses your ball python.
You completely miss the crimson imp.
The crimson imp blinks!
Your ball python bites the ogre.
The ogre hits your ball python with a giant spiked club.
Your ball python dies!
The ogre hits you with a giant spiked club!!
You die...

###..#..######.#
#.).###........#
#.#..#..#####...
#########.##...#.......#
[...<.........##.####...
.########.######.####..#
.# #.# #........## .#
#.#####..####.... .######
#.#.....@O.......
............###..####..##
.###.####.# #...:. .# #.#
#.5.#### .# ...... .#
###...## .# ##..# .# #...
##


You could see an ogre and a crimson imp.

Vanquished Creatures
  Pikel (D:5)
  A sky beast (D:6)
  A centaur (D:5)
  An ogre (D:4)
  A bullfrog (D:6)
  A howler monkey (D:5)
  3 wights (D:5)
  A quasit (D:7)
  2 orc wizards
  A bullfrog skeleton (D:4)
  A centaur skeleton (D:7)
  2 hounds (D:4)
  3 worker ants
  An iguana (D:4)
  A hound skeleton (D:6)
  6 gnolls
  3 adders
  A shadow imp (D:5)
  2 oozes
  3 worms (D:3)
  3 dart slugs
  7 leopard geckos
  6 orcs
  A ball python (D:3)
  14 bats
  11 giant cockroaches
  15 goblins
  9 hobgoblins
  17 jackals
  8 kobolds
  3 quokkas
  4 frilled lizards
  2 jackal skeletons
  A leopard gecko zombie (D:5)
  9 rats
146 creatures vanquished.

Vanquished Creatures (collateral kills)
  A hound (D:5)
  A gnoll shaman (D:4)
  An iguana (D:4)
  A worker ant (D:5)
  A gnoll (D:4)
  A leopard gecko (D:7)
  An orc (D:4)
  A bat (D:2)
  3 jackals (D:4)
  A kobold (D:2)
12 creatures vanquished.

Vanquished Creatures (others)
  A slave (D:5)
  A crimson imp (D:5)
  An adder zombie (D:5)
3 creatures vanquished.

Grand Total: 161 creatures vanquished

Notes
Turn   | Place    | Note
-------+----------+-------------------------------------------
     0 | D:1      | poirepourri the Draconian Transmuter began the quest for the Orb.
     0 | D:1      | Reached XP level 1. HP: 16/16 MP: 3/3
   299 | D:1      | Reached XP level 2. HP: 11/23 MP: 5/5
   759 | D:1      | Learned a level 2 spell: Sticks to Snakes
   946 | D:1      | Reached XP level 3. HP: 28/28 MP: 4/6
  1540 | D:2      | Reached skill level 4 in Unarmed Combat
  1818 | D:2      | Reached XP level 4. HP: 35/35 MP: 7/7
  2031 | D:2      | Learned a level 3 spell: Spider Form
  2174 | D:2      | Found an iron altar of Okawaru.
  2176 | D:2      | Found a bloodstained altar of Trog.
  2498 | D:3      | Found a sacrificial altar of Ru.
  2704 | D:3      | Found a runed door.
  2793 | D:3      | Found a shattered altar of Ashenzari.
  2870 | D:3      | Became a worshipper of Ashenzari the Shackled
  2905 | D:3      | Found a glowing silver altar of Zin.
  3217 | D:3      | Noticed Grinder
  3227 | D:3      | Paralysed by Grinder for 5 turns
  3246 | D:3      | Gained mutation: Your body sometimes deteriorates upon taking damage. [potion of mutation]
  3246 | D:3      | Gained mutation: You are weak. (Str -2) [potion of mutation]
  3246 | D:3      | Gained mutation: Scrolls take you a little longer to read. [potion of mutation]
  3526 | D:3      | Paralysed by Grinder for 6 turns
  3549 | D:3      | Paralysed by Grinder for 6 turns
  3594 | D:4      | Reached XP level 5. HP: 22/40 MP: 4/9
  4099 | D:4      | Learned a level 4 spell: Ice Form
  4147 | D:4      | Noticed an ogre
  4230 | D:3      | Gained mutation: You are robust. (+10% HP) [potion of beneficial mutation]
  4241 | D:3      | Reached XP level 6. HP: 39/52 MP: 1/10
  4304 | D:4      | Reached skill level 5 in Unarmed Combat
  5142 | D:4      | HP: 2/52 [gnoll/halberd (12)]
  5723 | D:4      | HP: 2/52 [poisoned by a worker ant]
  5997 | D:4      | Found a shadowy altar of Dithmenos.
  6147 | D:5      | Entered Level 5 of the Dungeon
  6320 | D:5      | Found a white marble altar of Elyvilon.
  6347 | D:5      | Your scales start taking on a golden yellow colour.
  6347 | D:5      | Reached XP level 7. HP: 55/58 MP: 10/12
  6358 | D:5      | Found a sand-covered staircase.
  6359 | D:5      | Noticed Pikel
  6521 | D:5      | HP: 2/58 [slave[Pikel] (2)]
  6522 | D:5      | Killed Pikel
  6863 | D:5      | Reached skill level 6 in Unarmed Combat
  7123 | D:5      | Reached XP level 8. HP: 52/67 MP: 10/15
  7309 | D:5      | Reached skill level 5 in Spellcasting
  7320 | D:5      | Found a burning altar of Makhleb.
  7856 | D:6      | Found a staircase to the Ecumenical Temple.
  7917 | Temple   | Entered the Ecumenical Temple
  7934 | Temple   | Reached * piety under Ashenzari
  8849 | D:7      | Reached skill level 7 in Unarmed Combat
  8895 | D:7      | Learned a level 5 spell: Blade Hands
  8944 | D:7      | Slain by an ogre

Vault maps used:
D:1:      dpeg_arrival_rooms_a
D:2:      minitemple
D:3:      nicolae_overflow_crystal_walls, ashenzari_conservatory_becter,
          lemuel_round_altar, lemuel_zombie_altar_kikubaaqudgha, first_bread,
          uniq_grinder, uniq_crazy_yiuf_cottage
D:4:      lemuel_doored_altar
D:5:      kennysheep_mini_moat, elyvilon_altar_5, nicolae_ossuary_entry_ruins,
          uniq_pikel
D:7:      overflow_temple_1_default, grunt_ogre_cave
Temple:   eino_wide_crystal_templ

Skill      XL: |  1  2  3  4  5  6  7  8 |
---------------+-------------------------+-----
Dodging        | 2 3 |  3.9
Unarmed Combat | 4 5 6 7 |  7.0
Spellcasting   | 3 4 5 |  5.2
Transmutations | 3 4 |  4.8
Fighting       | 2 |  2.2

Action                   |  1- 3 |  4- 6 |  7- 9 || total
-------------------------+-------+-------+-------++-------
Melee: Unarmed           |   161 |   370 |   174 ||   705
       Tailslap          |    11 |    36 |    17 ||    64
       Headbutt          |     3 |     8 |     6 ||    17
       Kick              |     4 |    23 |     3 ||    30
       Punch             |     1 |     3 |     1 ||     5
 Cast: Beastly Appendage |    11 |    22 |    10 ||    43
       Sticks to Snakes  |     6 |    29 |    13 ||    48
       Spider Form       |       |     4 |     1 ||     5
Invok: Curse Item        |       |     1 |       ||     1
 Abil: Spit Acid         |       |       |     1 ||     1
  Use: Potion            |       |    12 |     1 ||    13
       Scroll            |       |     5 |     4 ||     9
  Eat: Meat ration       |     1 |     1 |     1 ||     3
       Bread ration      |       |     2 |       ||     2
       Pizza             |       |     2 |     1 ||     3
       Royal jelly       |       |     1 |       ||     1
       Beef jerky        |       |     1 |       ||     1
       Fruit             |       |       |     1 ||     1
Armor: Skin              |    89 |   170 |    85 ||   344
Dodge: Dodged            |   126 |   349 |   112 ||   587
